 Dungeon Crawl Stone Soup version 0.30-a0-824-g6c64550be9 (webtiles) character file.

Game seed: 16053895802439517983

8 qeuew the Trooper (level 2, 9/24 HPs)
             Began as a Demonspawn Monk on Feb 27, 2023.
             Quit the game on level 1 of the Dungeon.
             The game lasted 00:00:19 (123 turns).

qeuew the Trooper (Demonspawn Monk)                  Turns: 123, Time: 00:00:20

Health: 9/24       AC:  2    Str: 11    XL:     2   Next: 0%
Magic:  2/2        EV: 13    Int: 11    God:
Gold:   15         SH:  0    Dex: 15    Spells: 1/1 levels left

rFire   . . .      SeeInvis .    a - +0 falchion
rCold   . . .      Faith    .    (no shield)
rNeg    . . .      Spirit   .    b - +0 robe
rPois   .          Reflect  .    (no helmet)
rElec   .          Harm     .    (no cloak)
rCorr   .          Rampage  .    (no gloves)
Will    .....                    (no boots)
Stlth   ++                       (no amulet)
HPRegen 0.24/turn                (no ring)
MPRegen 0.08/turn                (no ring)

@: no status effects
A: demonic magic 1
a: no special abilities


You were on level 1 of the Dungeon.
You visited 1 branch of the dungeon, and saw 1 of its levels.

You collected 15 gold pieces.

Inventory:

Hand Weapons
 a - a +0 falchion (weapon)
Armour
 b - a +0 robe (worn)
Scrolls
 d - a scroll of fog {unknown}
Potions
 c - a potion of ambrosia
 e - a potion of brilliance {unknown}
 f - a potion of haste {unknown}


   Skills:
 + Level 3.1 Fighting
 * Level 2.8 Long Blades
 * Level 0.6 Armour
 + Level 2.8 Dodging
 - Level 1.7 Stealth


You had one spell level left.
You didn't know any spells.
Your spell library was empty.

Dungeon Overview and Level Annotations

Branches:
Dungeon (1/15)

Altars:


Innate Abilities, Weirdness & Mutations

Spells you cast may paralyse adjacent enemies.


Message History

You hit the goblin.
You kill the goblin!
The bat hits you but does no damage. The endoplasm closely misses you.
The kobold barely misses you. The endoplasm barely misses you.
The rat bites you but does no damage. The kobold closely misses you.
You hit the rat.
You kill the rat!
The bat closely misses you. The kobold barely misses you.
The endoplasm barely misses you.
You hit the hobgoblin.
The hobgoblin is severely wounded.
The bat hits you. The kobold hits you but does no damage.
The endoplasm freezes you.
You are frozen.
The hobgoblin hits you.
You hit the hobgoblin.
You kill the hobgoblin!
The bat barely misses you. The bat misses you. The endoplasm freezes you.
You are frozen.
The kobold hits you with a +0 whip.
You have reached level 2!
Your demonic ancestry asserts itself...
A menacing aura infuses your magic. The endoplasm hits you.
The kobold attacks as you move away! The kobold barely misses you.
The bat barely misses you. The bat barely misses you.
You are too injured to fight recklessly!
You are too injured to fight recklessly!
You are too injured to fight recklessly!
You are too injured to fight recklessly!
You are too injured to fight recklessly!
You are too injured to fight recklessly!
You are too injured to fight recklessly!
You are too injured to fight recklessly!
You are too injured to fight recklessly!
You are too injured to fight recklessly!
You are too injured to fight recklessly!
You are too injured to fight recklessly!
Okay, then.
Are you sure you want to abandon this character and quit the game? (Confirm with "yes".)

.. .# #...# . #. .. ..#
#...# .. # #.#. ###.# #...#
...#.#... ...# #....
.....#..#########..# #....
.r.............##..# #....
#.##...#####.##..#####....
#....).#####.....#........
....#....Jb@................
###.......K........#.##.....
...........#########.##.....
......##...# ..#######
>............ ....
...##..#...#.. ##### ...
.....".#.## .. #......# .


You could see an endoplasm, a bat and a kobold.

Vanquished Creatures
  A dart slug (D:1)
  A goblin (D:1)
  A hobgoblin (D:1)
  A kobold (D:1)
  A bat (D:1)
  A rat (D:1)
6 creatures vanquished.

Notes
Turn   | Place    | Note
-------+----------+-------------------------------------------
     0 | D:1      | qeuew the Demonspawn Monk began the quest for the Orb.
     0 | D:1      | Reached XP level 1. HP: 18/18 MP: 1/1
   120 | D:1      | Gained mutation: Spells you cast may paralyse adjacent
                  | enemies. [demonic ancestry]
   120 | D:1      | Reached XP level 2. HP: 9/24 MP: 2/2
   123 | D:1      | Quit the game

Illustrated notes

Levels and vault maps discovered:
D:1:      lightli_arrival_statuegarden, layout_basic, solitary_fountain

Action                     || total
---------------------------++-------
  Melee: Falchion          ||    18
 Armour: Robe              ||     9
  Dodge: Dodged            ||    24

Table legend: (Time is in decaauts)
 A = Elapsed time spent in this place.
 B = Non-inter-level travel time spent in this place.
 C = Inter-level travel time spent in this place.
 D = Time resting spent in this place.
 E = Time spent auto-exploring this place.
 F = Levels seen in this place.
 G = Mean time per level.
                   A        B        C        D        E       F      G
               +--------+--------+--------+--------+--------+-----+--------+
         Total |    125 |    125 |      0 |      0 |     77 |   1 |  125.0 |
       Dungeon |    125 |    125 |      0 |      0 |     77 |   1 |  125.0 |
               +--------+--------+--------+--------+--------+-----+--------+

Top non-repeatable levels by time:
     D:1: 125 daAuts
